Map: Dusk Towers

Players

DaftHand - Winner!

  • Race: Zerg Zerg
  • League: Platinum

blackxored

  • Race: Zerg Zerg
  • League: Diamond

VOD

Have the link to the VOD?

Description

Time

  • Played on: July 3, 2016, 12:29 p.m.
  • Length: 5:29
Show
View Real Time Build Order
Export as new Build Order

DaftHand Zerg - Winner!

Build Orders: Hatch First 

Get SALT Encoding   

  12  0:01  Drone  
  13  0:12  Overlord  
  13  0:17  Drone  
  14  0:23  Extractor, Drone  
  15  0:33  Drone  
  16  0:36  Drone  
  17  0:53  Hatchery  
  17  0:56  Drone  
  17  1:00  Drone  
  18  1:06  Extractor  
  18  1:07  Drone  
  18  1:19  Spawning Pool  
  18  1:22  Drone  
  18  1:30  Drone  
  19  1:40  Evolution Chamber  
  19  1:42  Drone  
  19  1:50  Overlord  
  19  2:02  Drone  
  19  2:07  Zerg Melee Weapons Level 1  
  20  2:08  Queen  
  20  2:12  Queen  
  24  2:17  Drone  
  24  2:20  Drone  
  26  2:23  Drone  
  26  2:29  Zergling x2  
  28  2:30  Zergling x2  
  28  2:34  Zergling x2  
  30  2:40  Zergling x2  
  31  2:45  Metabolic Boost  
  31  2:49  Zergling x4  
  33  3:02  Spine Crawler  
  32  3:06  Zergling x6  
  35  3:16  Zergling x2  
  32  3:25  Zergling x4  
  32  3:26  Zergling x4  
  31  3:47  Zergling x10  
  36  4:00  Overlord x2  
  36  4:16  Queen  
  35  4:20  Zergling x2  
  35  4:21  Zergling x12  
  36  4:33  Zergling x4  
  35  4:39  Zergling x2  
  35  4:42  Zergling x2  
  35  4:45  Zergling x6  
  38  4:53  Zergling x2  
  38  4:57  Zergling x2  
  40  5:03  Zergling x2  
  40  5:05  Zergling x2  
Show
View Real Time Build Order
Export as new Build Order

blackxored Zerg 

Build Orders: Pool First 

Get SALT Encoding   

  12  0:01  Drone  
  13  0:09  Drone  
  14  0:16  Extractor  
  14  0:18  Drone  
  14  0:33  Spawning Pool  
  13  0:36  Drone  
  14  0:44  Overlord  
  14  0:49  Extractor  
  13  0:52  Drone  
  15  1:04  Drone x2  
  17  1:09  Drone  
  18  1:20  Queen  
  20  1:25  Overlord  
  20  1:32  Metabolic Boost  
  20  1:39  Drone  
  21  1:46  Baneling Nest  
  20  1:51  Zergling x2  
  21  1:58  Zergling x2  
  22  2:03  Zergling x2  
  23  2:13  Zergling x2  
  24  2:25  Drone  
  24  2:27  Hatchery  
  24  2:30  Zergling x4  
  24  2:31  Zergling x2  
  27  2:46  Queen  
  29  2:53  Overlord  
  29  3:02  Zergling x2  
  30  3:07  Baneling x3  
  27  3:22  Zergling x2  
  27  3:23  Zergling x4  
  27  3:25  Zergling x2  
  30  3:36  Zergling x2  
  29  3:48  Zergling x2  
  29  3:49  Zergling x2  
  29  3:55  Drone  
  30  4:01  Baneling  
  30  4:02  Baneling  
  30  4:08  Drone x3  
  31  4:32  Drone x6  
  36  4:39  Zergling x2  
  36  4:40  Zergling x8  
  37  4:52  Zergling x4  
  33  5:08  Zergling x8  
Tags
 
Add a new tag
Caveats
  • Supply blocks, unpowered buildings, or Contaminate may cause inaccurate times.
  • Supply counts are checked every 10 seconds.